 Dungeon Crawl Stone Soup version 0.29-a0-344-ge2f44be95a (webtiles) character file.

Game seed: 9524036821926337169

341 Enlil the Sneak (level 6, -3/41 HPs)
             Began as a Vampire Enchanter on Apr 22, 2022.
             Slain by a black bear (6 damage)
             ... on level 4 of the Dungeon.
             The game lasted 00:16:10 (3028 turns).

Enlil the Sneak (Vampire Enchanter)                 Turns: 3028, Time: 00:16:11

Health: -3/41      AC:  1    Str:  7    XL:     6   Next: 30%
Magic:  4/10       EV: 13    Int: 23    God:
Gold:   128        SH:  0    Dex: 17    Spells: 0/11 levels left

rFire   . . .      SeeInvis +   a - +2 dagger
rCold   . . .      Faith    .   (no shield)
rNeg    . . .      Spirit   .   o - +0 troll leather armour {Pargi}
rPois   .          Reflect  .   (no helmet)
rElec   .          Harm     .   (no cloak)
rCorr   .          Rampage  .   (no gloves)
Will    .....                   k - +0 pair of boots
Stlth   +++.......              d - amulet of regeneration
HPRegen 1.93/turn               e - +4 ring of slaying
MPRegen 0.12/turn               l - +6 ring of intelligence

@: confusing by touch, corroded, healing quickly
A: alive, fangs 3, see invisible, vampiric 2
a: Exsanguinate


You were on level 4 of the Dungeon.
You visited 1 branch of the dungeon, and saw 4 of its levels.

You collected 128 gold pieces.

Inventory:

Hand Weapons
 a - a +2 dagger (weapon)
Missiles
 b - 4 poisoned darts (quivered)
Armour
 k - a +0 pair of boots (worn)
 n - a +2 ring mail of cold resistance
 o - a +0 troll leather armour (worn) {Pargi}
Jewellery
 d - an amulet of regeneration (around neck)
 e - a +4 ring of slaying (left hand)
 l - a +6 ring of intelligence (right hand)
Scrolls
 h - 2 scrolls of blinking
 j - a scroll of magic mapping {unknown}
 p - a scroll of amnesia
 q - a scroll of identify
Potions
 c - 5 potions of invisibility
 f - 2 potions of curing
 g - a potion of lignification {unknown}
 i - a potion of haste {unknown}
 m - a potion of degeneration {unknown}
 r - 2 potions of heal wounds {unknown}


   Skills:
 + Level 2.9 Short Blades
 + Level 1.5 Armour
 + Level 3.6 Dodging
 + Level 6.2 Stealth
 + Level 3.0 Spellcasting
 + Level 5.9 Hexes


You couldn't memorise any spells.
You knew the following spells:

 Your Spells              Type           Power      Damage    Failure   Level
a - Confusing Touch       Hex            30%        N/A       4%          3
b - Ensorcelled Hibernat  Hex/Ice        34%        N/A       8%          2
c - Dazzling Flash        Conj/Hex       34%        N/A       16%         3
d - Inner Flame           Hex/Fire       17%        N/A       16%         3

Your spell library contained the following spells:

 Spells                   Type           Power      Damage    Failure   Level
 Tukima's Dance           Hex            30%        N/A       4%          3
 Foxfire                  Conj/Fire      12%        2x1d4     17%         1
 Conjure Flame            Conj/Fire      3%         6-21      45%         3
 Yara's Violent Unravell  Hex/Tmut       8%         3d5       80%         5
 Flame Wave               Conj/Fire      3%         2d4       86%         4
 Passage of Golubria      Tloc           3%         N/A       86%         4


Dungeon Overview and Level Annotations

Branches:
Dungeon (4/15)
 Temple: D:4-7

Altars:

Shops:
D:2 [


Innate Abilities, Weirdness & Mutations

Your natural rate of healing is accelerated.
You have razor-sharp teeth.
You have supernaturally acute eyesight. (SInv)
You are afflicted with vampirism and can become a bat while bloodless.


Message History

The black bear barely misses you. The black bear claws you.
The jackal bites you but does no damage.
The black bear attacks as you move away!
The black bear barely misses you. x2; The black bear claws you.
You hit the black bear.
The black bear is lightly wounded.
The jackal misses you. The black bear closely misses you.
The black bear claws you. The black bear closely misses you.
Casting: Confusing Touch (dangerous; 4% risk of failure)
Confirm with . or Enter, or press ? or * to list all spells.
Your hands begin to glow red.
The jackal bites you. The black bear bites you.
The black bear closely misses you. The black bear claws you.
The jackal barely misses you.
You hit the black bear but do no damage.
Your bite misses the black bear.
The black bear is lightly wounded.
The black bear bites you but does no damage.
The black bear claws you. x2; The jackal misses you.
You are too injured to fight recklessly!
You are too injured to fight recklessly!
You are too injured to fight recklessly!
Casting: Confusing Touch (dangerous; 4% risk of failure)
Confirm with . or Enter, or press ? or * to list all spells.
Your hands begin to glow brighter.
The jackal bites you. The black bear bites you!
* * * LOW HITPOINT WARNING * * *
The black bear claws you.
* * * LOW HITPOINT WARNING * * *
The black bear claws you.
* * * LOW HITPOINT WARNING * * *
The jackal bites you but does no damage.
The black bear bites you.
* * * LOW HITPOINT WARNING * * *
The black bear claws you.
* * * LOW HITPOINT WARNING * * *
The black bear completely misses you. The jackal bites you.
* * * LOW HITPOINT WARNING * * *
There is a stone staircase leading up, spattered with blood here.
The jackal misses you. The black bear bites you.
You die...

#..........# #.............# .
##.........# #.............# .
#.........# #.............# .
#.........# #.........†...# .
#.........# #.............# #
#############.............####
......[.................'...
..........h.............####
..........h@............#
........................#
........................#
............##########.#.
###...........# ..#.
#...).......+ .. .
#.......$...# #...........#
#...........#


You could see a black bear and a jackal.

Vanquished Creatures
  Pargi (D:4)
  A vampire bat (D:3)
  A jelly (D:4)
  Robin (D:4)
  3 gnolls (D:4)
  5 adders
  3 dart slugs
  5 orcs
  10 bats
  4 endoplasms
  A giant cockroach (D:2)
  10 hobgoblins
  3 jackals
  8 kobolds
  2 quokkas (D:1)
  5 ball pythons
  4 frilled lizards
  15 goblins
  11 rats
93 creatures vanquished.

Notes
Turn   | Place    | Note
-------+----------+-------------------------------------------
     0 | D:1      | Enlil the Vampire Enchanter began the quest for the Orb.
     0 | D:1      | Reached XP level 1. HP: 13/13 MP: 3/3
   123 | D:1      | Found a faded altar of an unknown god.
   209 | D:1      | Reached XP level 2. HP: 19/19 MP: 5/5
   918 | D:2      | Found Qylleaf's Antique Armour Boutique.
  1028 | D:2      | Gained mutation: You are afflicted with vampirism and can
                  | become a bat while bloodless. [Vampire growth]
  1028 | D:2      | Reached XP level 3. HP: 20/24 MP: 6/6
  1042 | D:2      | Reached skill level 5 in Stealth
  1884 | D:3      | Reached skill level 5 in Hexes
  1994 | D:3      | Reached XP level 4. HP: 30/30 MP: 7/7
  1999 | D:3      | Learned a level 3 spell: Confusing Touch
  2002 | D:3      | Learned a level 2 spell: Ensorcelled Hibernation
  2313 | D:4      | Noticed Pargi
  2323 | D:4      | Killed Pargi
  2324 | D:4      | Reached skill level 1 in Armour
  2324 | D:4      | Reached XP level 5. HP: 28/35 MP: 6/9
  2550 | D:4      | Reached skill level 6 in Stealth
  2550 | D:4      | Reached XP level 6. HP: 41/41 MP: 10/10
  2566 | D:4      | Learned a level 3 spell: Dazzling Flash
  2570 | D:4      | Learned a level 3 spell: Inner Flame
  2593 | D:4      | Noticed Robin
  2637 | D:4      | Killed Robin
  3027 | D:4      | HP: 2/41 [black bear (4)]
  3028 | D:4      | Slain by a black bear

Illustrated notes

Levels and vault maps discovered:
D:1:      eino_arrival_druids_welcome, layout_loops_cross, serial_forest,
          infiniplex_forest_zigzag_1, infiniplex_forest_end_1,
          infiniplex_forest_corner_1, infiniplex_forest_lined_corner,
          infiniplex_forest_lined_room_2, infiniplex_forest_end_1,
          ebering_ecumenical_altar_box
D:2:      layout_basic, serial_shops, nicolae_shop_statue_plus,
          amcnicky_mini_pool_small
D:3:      layout_rooms, minmay_misc_feat_cross, roderic_batcave, minmay_cut_off
D:4:      layout_basic, serial_shops, nicolae_square_shop, uniq_robin,
          uniq_pargi

Skill      XL: |  1  2  3  4  5 |
---------------+----------------+-----
Stealth        | 5 6 |  6.2
Hexes          | 5 |  5.9
Short Blades   | 2 |  2.9
Dodging        | 3 |  3.6
Armour         | 1 |  1.5
Spellcasting   | 3 |  3.0

Action                   |  1- 3 |  4- 6 || total
-------------------------+-------+-------++-------
Melee: Dagger            |   126 |   125 ||   251
       Bite              |    11 |    10 ||    21
       Punch             |       |     1 ||     1
 Cast: Confusing Touch   |       |     7 ||     7
  Use: Scroll            |     4 |     4 ||     8
 Stab: Sleeping          |    16 |     2 ||    18
       Confused          |       |     6 ||     6
Armor: Robe              |    24 |       ||    24
       Leather armour    |     9 |       ||     9
       Ring mail         |       |    32 ||    32
       Troll leather arm |       |    38 ||    38
Dodge: Dodged            |    74 |   115 ||   189

Table legend: (Time is in decaauts)
 A = Elapsed time spent in this place.
 B = Non-inter-level travel time spent in this place.
 C = Inter-level travel time spent in this place.
 D = Time resting spent in this place.
 E = Time spent auto-exploring this place.
 F = Levels seen in this place.
 G = Mean time per level.
                   A        B        C        D        E       F      G
               +--------+--------+--------+--------+--------+-----+--------+
         Total |   3000 |   2905 |     95 |    396 |   1552 |   4 |  750.0 |
       Dungeon |   3000 |   2905 |     95 |    396 |   1552 |   4 |  750.0 |
               +--------+--------+--------+--------+--------+-----+--------+

Top non-repeatable levels by time:
     D:1: 912 daAuts
     D:2: 776 daAuts
     D:4: 727 daAuts
     D:3: 584 daAuts
